 Dungeon Crawl Stone Soup version 0.30-a0-782-ge64f9170bb (webtiles) character file.

Game seed: 15936709240633438438

1829 Dirian the Prestidigitator (level 8, -4/63 HPs)
             Began as a Minotaur Fighter on Mar 8, 2023.
             Killed from afar by a hellephant (63 damage)
             ... with a blast of flame
             ... on level 3 of the Abyss.
             The game lasted 00:11:41 (5183 turns).

Dirian the Prestidigitator (Minotaur Fighter)       Turns: 5183, Time: 00:11:41

Health: -4/63      AC: 17    Str: 22    XL:     8   Next: 86%
Magic:  7/7        EV:  9    Int:  5    God:
Gold:   325        SH:  5    Dex: 11    Spells: 7/7 levels left

rFire   . . .      SeeInvis .    a - +0 war axe
rCold   + + .      Faith    .    c - +0 buckler
rNeg    . . .      Spirit   .    b - +6 scale mail of the Great Game {+Blink rC+ rCorr Stlth-}
rPois   .          Reflect  .    (helmet restricted)
rElec   .          Harm     .    (no cloak)
rCorr   +          Rampage  .    s - +1 Delatra's gloves {ID++}
Will    .....                    (no boots) Stlth
                                 (no amulet)
HPRegen 0.30/turn                k - +4 ring of slaying
MPRegen 0.10/turn                l - ring of protection from cold

@: no status effects
A: horns 2, retaliatory headbutt, frail 1, shaggy fur 2, no potion heal 1
a: Evoke Blink


You were on level 3 of the Abyss.
You visited 1 branch of the dungeon, and saw 7 of its levels.
You visited the Abyss 1 time.
You also visited: Sewer.

You collected 373 gold pieces.
You spent 48 gold pieces at shops.

Inventory:

Hand Weapons
 a - a +0 war axe (weapon)
 v - a +0 flail
Armour
 b - the +6 scale mail of the Great Game (worn) {+Blink rC+ rCorr Stlth-}
   (You acquired it on level 3 of the Dungeon)

   rC:        It protects you from cold.
   +Blink:    It lets you blink.
   rCorr:     It protects you from acid and corrosion.
   Stlth:     It makes you less stealthy.
 c - a +0 buckler (worn)
 s - the +1 Delatra's gloves (worn) {ID++}
   (You found it on level 3 of the Dungeon)

   ID++:      It heals its wearer when they drink unknown potions, and restores
   their MP when they read unknown scrolls.
Jewellery
 k - a +4 ring of slaying (left hand)
 l - a ring of protection from cold (right hand)
 x - a +4 ring of protection
Wands
 e - a wand of paralysis (8)
 p - a wand of roots (8)
Scrolls
 f - 2 scrolls of silence
 g - a scroll of amnesia
 i - 2 scrolls of poison
 j - a scroll of enchant armour
 o - a scroll of immolation
 r - 2 scrolls of identify
 t - 6 scrolls of teleportation
 u - a scroll of enchant weapon
Potions
 d - a potion of might
 h - 3 potions of haste
 m - 2 potions of flight
 n - a potion of resistance
 q - a potion of curing
 w - a potion of heal wounds
 y - a potion of brilliance
 z - a potion of ambrosia {unknown}
 A - 2 potions of cancellation


   Skills:
 + Level 5.7 Fighting
 + Level 7.6 Axes
 + Level 6.2 Armour
 + Level 4.7 Shields
 + Level 11.4 Evocations


You had 7 spell levels left.
You didn't know any spells.
Your spell library contained the following spells:

 Spells                   Type           Power      Damage    Failure   Level
 Summon Small Mammal      Summ           0%         N/A       86%         1
 Call Canine Familiar     Summ           0%         N/A       99%         3
 Summon Guardian Golem    Hex/Summ       0%         N/A       99%         3
 Airstrike                Air            0%         2d(0-16)  100%        4
 Summon Lightning Spire   Summ/Air       0%         N/A       100%        4
 Lightning Bolt           Conj/Air       0%         1d11      100%        5


Dungeon Overview and Level Annotations

Branches:
Dungeon (7/15) Zot: 26894   Sewer (visited)
 Temple: D:4-7

Altars:
Dithmenos
Kikubaaqudgha
Uskayaw

Shops:
D:6 *

Annotations:
D:5 2 transporters, cheburek's ghost, weakling VSDe


Innate Abilities, Weirdness & Mutations

You have a pair of horns on your head.
You reflexively headbutt those who attack you in melee.
You are frail. (-10% HP)
You are covered in thick fur. (AC +2)
Potions are less effective at restoring your health.


Message History

There is an open door here.
A wizard comes into view. It is wielding a +0 dagger.
The wizard shouts!
A wizard is nearby!
A wizard is nearby!
The wizard gestures wildly while chanting.
The wizard flickers and vanishes!
Deactivating autopickup; reactivate with Ctrl-A.
There is an open door here.
You close the door.
Something unseen opens the door.
Something hits you but does no damage.
There is an open door here.
You miss something. Your headbutt misses something.
You hear some strange, mumbled words.
A fireball appears from out of thin air!
The fireball explodes!
The fireball engulfs you!!
The fireball engulfs something!!
Something hits you.
You closely miss something. Your headbutt misses something.
Something hits you but does no damage.
You barely miss something.
You hear some strange, mumbled words.
You are cast into the Abyss!
This branch contains the abyssal rune of Zot.
Reactivating autopickup.
Found a corrupted altar of Lugonu.
You start resting.
A hellephant comes into view.
The hellephant trumpets!
The hellephant tramples you but does no damage.
The hellephant barely misses you.
The hellephant gores you but does no damage.
A glowing orange brain comes into view.
An alligator snapping turtle zombie comes into view.
The hellephant blinks!
Found a gateway leading deeper into the Abyss.
The hellephant breathes flames at you. The blast of flame hits you!!!
Ouch! That really hurt!
You die...

#...G. ...... ...#
.# #.# #.. #.###
#...######...#
.......#.#.####.#
#.............#
..###@....Z##.#
#.....#.#Y.#.#
#.....~.~.......
.>....#.#.#~.....
.#.###....####...#
# #...## #.## .##
.. ##


You could see a hellephant (catching breath) and an alligator snapping turtle
zombie.

Vanquished Creatures
  2 ice beasts (D:6)
  4 kobold brigands (Sewer)
  A bullfrog (D:6)
  A scorpion (D:4)
  A necrophage (D:6)
  A hound (D:4)
  A jelly (D:6)
  Ijyb (D:3)
  2 iguanas
  An orc wizard (D:3)
  Natasha (thrice) (D:3)
  Robin (D:3)
  13 gnolls
  12 adders
  A river rat (D:6)
  2 shadow imps (D:6)
  2 ufetubi (D:6)
  2 worms
  2 dart slugs
  9 orcs
  10 bats
  13 endoplasms
  A giant cockroach (D:2)
  14 goblins
  11 hobgoblins
  3 jackals (D:5)
  20 kobolds
  5 quokkas
  9 ball pythons
  2 frilled lizards
  9 rats
159 creatures vanquished.

Vanquished Creatures (others)
  A fungus (Sewer)
  6 plants (Sewer)
  A withered plant (D:5)
8 creatures vanquished.

Grand Total: 167 creatures vanquished

Notes
Turn   | Place    | Note
-------+----------+-------------------------------------------
     0 | D:1      | Dirian the Minotaur Fighter began the quest for the Orb.
     0 | D:1      | Reached XP level 1. HP: 19/19 MP: 0/0
   213 | D:1      | Reached XP level 2. HP: 27/27 MP: 1/1
   570 | D:1      | Reached XP level 3. HP: 33/33 MP: 2/2
   961 | D:1      | Gained mutation: You are clumsy. (Dex -2) [potion of
                  | mutation]
   961 | D:1      | Gained mutation: You are dopey. (Int -2) [potion of
                  | mutation]
   961 | D:1      | Gained mutation: You are partially covered in iridescent
                  | scales. (AC +2) [potion of mutation]
   992 | D:2      | You are sucked into a shaft and drop 1 floor!
  1131 | D:3      | Noticed Ijyb
  1153 | D:3      | Killed Ijyb
  1154 | D:3      | Reached XP level 4. HP: 29/41 MP: 3/3
  1201 | D:3      | Noticed Natasha
  1211 | D:3      | Killed Natasha
  1247 | D:3      | Noticed Robin
  1273 | D:3      | Killed Robin
  1426 | D:2      | Reached XP level 5. HP: 47/47 MP: 4/4
  1498 | D:2      | Reached skill level 5 in Armour
  1973 | D:3      | Noticed Natasha
  1984 | D:3      | Killed Natasha
  2226 | D:3      | Found a faded altar of an unknown god.
  2297 | D:3      | Noticed Natasha
  2304 | D:3      | Killed Natasha
  2305 | D:3      | Reached skill level 5 in Axes
  2353 | D:3      | Found the +1 Delatra's gloves {ID++}
  2357 | D:3      | Reached XP level 6. HP: 55/55 MP: 5/5
  2655 | D:3      | Identified a scroll of acquirement
  2656 | D:3      | Acquired the +6 scale mail of the Great Game {+Blink rC+
                  | rCorr Stlth-}
  2749 | D:4      | Reached skill level 5 in Fighting
  2776 | D:4      | Found a shadowy altar of Dithmenos.
  3211 | D:5      | Entered Level 5 of the Dungeon
  3460 | D:5      | Found a hide-covered altar of Uskayaw.
  3478 | D:5      | Found an ancient bone altar of Kikubaaqudgha.
  3512 | D:5      | Found a transporter.
  3513 | D:5      | Noticed a troll
  3520 | D:5      | Noticed cheburek's ghost (weakling VSDe)
  3533 | D:5      | Found a transporter.
  3712 | D:5      | Reached XP level 7. HP: 61/61 MP: 6/6
  4013 | D:5      | Reached skill level 11 in Evocations
  4013 | D:5      | Reached XP level 8. HP: 68/68 MP: 7/7
  4173 | D:6      | Found Kiorusm's General Store.
  4274 | D:6      | Found a glowing drain.
  4281 | Sewer    | Entered a sewer
  4314 | Sewer    | Lost mutation: You are dopey. (Int -2) [potion of mutation]
  4314 | Sewer    | Lost mutation: You are clumsy. (Dex -2) [potion of
                  | mutation]
  4314 | Sewer    | Lost mutation: You are partially covered in iridescent
                  | scales. (AC +2) [potion of mutation]
  4314 | Sewer    | Gained mutation: You are covered in fur. (AC +1) [potion of
                  | mutation]
  4314 | Sewer    | Gained mutation: Potions are less effective at restoring
                  | your health. [potion of mutation]
  4314 | Sewer    | Gained mutation: You are frail. (-10% HP) [potion of
                  | mutation]
  4314 | Sewer    | Gained mutation: You are covered in thick fur. (AC +2)
                  | [potion of mutation]
  4972 | D:6      | Bought a scroll of identify for 24 gold pieces
  4972 | D:6      | Bought a scroll of identify for 24 gold pieces
  5077 | D:7      | Noticed a wizard
  5093 | Abyss:3  | Found a corrupted altar of Lugonu.
  5093 | Abyss:3  | Cast into level 3 of the Abyss (a wizard)
  5178 | Abyss:3  | Noticed a hellephant
  5179 | Abyss:3  | Noticed a glowing orange brain
  5183 | Abyss:3  | Killed from afar by a hellephant

Illustrated notes

Levels and vault maps discovered:
D:1:      dpeg_arrival_shrine, layout_basic
D:2:      layout_basic, minmay_pentomino_u4
D:3:      layout_basic, shapermc_ecumenical_altar_hornbeckon,
          chequers_serial_rivers_room_b, pf_guarded_unrand_delatra, uniq_ijyb,
          uniq_natasha, uniq_robin
D:4:      layout_rooms, nicolae_dithmenos_through_a_glass_darkly
D:5:      layout_basic, nicolae_uskayaw_suspiria, kiku_gazebo_garden_becter,
          gammafunk_ghost_arena
D:6:      layout_rooms, serial_shops, nicolae_shop_stone,
          lightli_sewer_entry_pipes
D:7:      cheibrodos_wizards_tower, layout_loops_corners,
          minmay_temple_entry_from_below_b, uniq_prince_ribbit1
Abyss:3:  base: D:3, evilmike_abyss_exit_9

Skill      XL: |  1  2  3  4  5  6  7  8 |
---------------+-------------------------+-----
Fighting       | 4 5 |  5.7
Armour         | 4 5 6 |  6.2
Shields        | 4 |  4.7
Axes           | 3 5 6 7 |  7.6
Evocations     | 11 | 11.4

Action                     |  1- 3 |  4- 6 |  7- 9 || total
---------------------------+-------+-------+-------++-------
  Melee: War axe           |    76 |   137 |   112 ||   325
         Headbutt          |     9 |    20 |    24 ||    53
    Use: Potion            |     4 |     5 |     4 ||    13
         Scroll            |     1 |     8 |     3 ||    12
 Armour: Scale mail        |    38 |    72 |    75 ||   185
  Dodge: Dodged            |    37 |    64 |    45 ||   146
  Block: Buckler           |    18 |    25 |    18 ||    61

Table legend: (Time is in decaauts)
 A = Elapsed time spent in this place.
 B = Non-inter-level travel time spent in this place.
 C = Inter-level travel time spent in this place.
 D = Time resting spent in this place.
 E = Time spent auto-exploring this place.
 F = Levels seen in this place.
 G = Mean time per level.
                   A        B        C        D        E       F      G
               +--------+--------+--------+--------+--------+-----+--------+
         Total |   5318 |   5085 |    233 |    116 |   3844 |   9 |  590.9 |
       Dungeon |   4851 |   4618 |    233 |     34 |   3568 |   7 |  693.0 |
         Abyss |     89 |     89 |      0 |     82 |      0 |   1 |   89.0 |
         Sewer |    377 |    377 |      0 |      0 |    276 |   1 |  377.0 |
               +--------+--------+--------+--------+--------+-----+--------+

Top non-repeatable levels by time:
     D:3: 1210 daAuts
     D:1: 1014 daAuts
     D:5: 803 daAuts
     D:6: 668 daAuts
     D:4: 536 daAuts
     D:2: 514 daAuts
   Sewer: 377 daAuts
     D:7: 104 daAuts
 Abyss:3: 89 daAuts
